 Dungeon Crawl Stone Soup version 0.22-a0-247-gbddf880 (webtiles) character file.

166 MatthieuS the Skirmisher (level 5, 0/42 HPs)
             Began as a Human Wanderer on Feb 27, 2018.
             Killed by nerve-wracking pain
             ... invoked by a shadow imp
             ... summoned by MatthieuS's ghost
              (11 damage)
             ... on level 3 of the Dungeon.
             The game lasted 00:07:12 (2746 turns).

MatthieuS the Skirmisher (Human Wanderer)           Turns: 2746, Time: 00:07:12

Health: 0/42       AC:  7    Str: 11    XL:     5   Next: 76%
Magic:  9/9        EV:  9    Int: 15    God:
Gold:   67         SH:  0    Dex: 12    Spells: 10/10 levels left

rFire    . . .     SeeInvis .   d - +1 mace (drain)
rCold    . . .     Gourm    .   (no shield)
rNeg     . . .     Faith    .   l - +0 scale mail
rPois    .         Spirit   .   (no helmet)
rElec    .         Reflect  .   (no cloak)
rCorr    .         Harm     .   k - +0 pair of gloves
MR       .....                  (no boots)
Stlth    ..........             (no amulet)
HPRegen  0.14/turn              j - ring of loudness (curse)
MPRegen  0.11/turn              (no ring)

@: lethally poisoned (0 -> -13)
A: no striking features
a: no special abilities


You were on level 3 of the Dungeon.
You were hungry.

You visited 1 branch of the dungeon, and saw 4 of its levels.

You collected 67 gold pieces.

Inventory:

Hand Weapons
 b - a +0 short sword
 d - a +1 mace of draining (weapon)
Armour
 k - a +0 pair of gloves (worn)
 l - a +0 scale mail (worn)
Jewellery
 j - a cursed ring of loudness (left hand)
Wands
 i - a wand of random effects (19)
Scrolls
 c - 3 scrolls of teleportation
 m - a scroll of remove curse {unknown}
Potions
 f - a potion of flight
Comestibles
 a - 3 rations
 g - 5 chunks of flesh


   Skills:
 + Level 4.0 Fighting
 - Level 2.0 Short Blades
 + Level 2.0 Armour
 + Level 1.9 Dodging
 - Level 1.0 Stealth
 - Level 3.0 Spellcasting
   Level 1.0 Summonings
   Level 1.0 Transmutations
 - Level 1.0 Evocations


You had 10 spell levels left.
You didn't know any spells.

Dungeon Overview and Level Annotations

Branches:
Dungeon (4/15)
 Temple: D:4-7

Altars:
Ru

Annotations:
D:3 MatthieuS's ghost, amateur OgSu


Message History

The shadow imp misses you. The quokka closely misses you.
MatthieuS's ghost hits you. The shadow imp gestures at you.
You barely resist. You barely miss MatthieuS's ghost.
MatthieuS's ghost is lightly damaged.
You feel sick. The quokka completely misses you. MatthieuS's ghost hits you.
The shadow imp hits you but does no damage.
The quokka barely misses you.
You feel better. MatthieuS's ghost hits you.
You are lethally poisoned!
The shadow imp hits you.
* * * LOW HITPOINT WARNING * * *
The quokka bites you but does no damage.
* * * LOW HITPOINT WARNING * * *
You feel sick.
The shadow imp grins evilly.
The shadow imp gestures at you. Pain shoots through your body!
You die...

#......#
###.#### #(#
#.# #.# #.#
#.# #.#
#######@#
=.....5W#
#######rrr...#
.b.....#
........#
##....##.#
...#.# .#
#..#.. #
......#


You could see MatthieuS's ghost, a shadow imp, a quokka, a bat and a rat.

Vanquished Creatures
  An ogre (D:4)
  Terence (D:2)
  An adder (D:2)
  An ooze (D:1)
  3 worms
  2 bats (D:1)
  3 giant cockroaches (D:1)
  4 hobgoblins
  5 jackals (D:1)
  3 frilled lizards
  5 goblins
  7 kobolds
  6 rats
42 creatures vanquished.

Notes
Turn   | Place    | Note
-------+----------+-------------------------------------------
     0 | D:1      | MatthieuS the Human Wanderer began the quest for the Orb.
     0 | D:1      | MatthieuS set off with: a ration, a +0 short sword, a scroll of teleportation, a +0 robe
     0 | D:1      | Reached XP level 1. HP: 15/15 MP: 4/4
   473 | D:1      | Reached skill level 2 in Fighting
   473 | D:1      | Reached XP level 2. HP: 21/22 MP: 6/6
   692 | D:1      | Reached XP level 3. HP: 23/28 MP: 7/7
   868 | D:1      | Reached skill level 3 in Fighting
  1154 | D:2      | Noticed Terence
  1182 | D:2      | Killed Terence
  1182 | D:2      | Reached XP level 4. HP: 7/35 MP: 8/8
  1491 | D:2      | Found a sacrificial altar of Ru.
  1580 | D:2      | Reached skill level 1 in Armour
  1644 | D:2      | Found a runed door.
  1648 | D:2      | Noticed Crazy Yiuf
  1934 | D:2      | Reached skill level 1 in Dodging
  2189 | D:3      | Noticed MatthieuS's ghost (amateur OgSu)
  2519 | D:4      | Noticed an ogre
  2554 | D:4      | Killed an ogre
  2554 | D:4      | Reached skill level 4 in Fighting
  2554 | D:4      | Reached XP level 5. HP: 42/42 MP: 9/9
  2746 | D:3      | Killed from afar by a shadow imp

Vault maps used:
D:1:      minmay_arrival_widening_spiral_wide
D:2:      lemuel_crystal_altar, uniq_crazy_yiuf_cottage, uniq_terence
D:3:      corexii_corridor_pit, roderic_batcave
D:4:      minmay_temple_entry_grid, first_ration, uniq_menkaure, uniq_duvessa

Skill      XL: |  1  2  3  4  5 |
---------------+----------------+-----
Fighting       | 2 3 4 |  4.0
Armour         | 1 2 |  2.0
Dodging        | 1 |  1.9
Short Blades   | |  2.0
Stealth        | |  1.0
Spellcasting   | |  3.0
Summonings     | |  1.0
Transmutations | |  1.0
Evocations     | |  1.0

Action                   |  1- 3 |  4- 6 || total
-------------------------+-------+-------++-------
Melee: Short sword       |   122 |       ||   122
       Mace              |       |    55 ||    55
Evoke: Wand              |       |     2 ||     2
  Use: Scroll            |     2 |     5 ||     7
       Potion            |     1 |     4 ||     5
 Stab: Invisible         |     5 |       ||     5
       Sleeping          |     1 |       ||     1
  Eat: Chunk             |     1 |     1 ||     2
       Ration            |       |     1 ||     1
Armor: Leather armour    |    37 |       ||    37
       Scale mail        |       |    30 ||    30
Dodge: Dodged            |    67 |    46 ||   113

Table legend:
 A = Spawn XP
 B = Non-spawn XP
 C = Spawn XP percentage of total XP
 D = Spawn monster count
 E = Non-spawn monster count
 F = Spawn count percentage of total count
 G = Total turns spent on level
                    A         B        C        D         E        F      G
               +---------+---------+-------+---------+---------+-------+---------
         Total |       0 |     238 |   0.0 |       0 |      42 |   0.0 |  2746
               +---------+---------+-------+---------+---------+-------+---------
           D:1 |       0 |      49 |   0.0 |       0 |      26 |   0.0 |  1051
           D:2 |       0 |      61 |   0.0 |       0 |       9 |   0.0 |  1138
           D:3 |       0 |      10 |   0.0 |       0 |       4 |   0.0 |   131
           D:4 |       0 |     118 |   0.0 |       0 |       3 |   0.0 |   426
               +---------+---------+-------+---------+---------+-------+---------
